 Dungeon Crawl Stone Soup version 0.29.1-1-gd02db6906a (webtiles) character file.

Game seed: 2151463110116963310

0 zeram the Caller (level 1, -1/13 HPs)
             Began as a Gnoll Summoner on Oct 10, 2022.
             Slain by a hobgoblin (4 damage)
             ... on level 1 of the Dungeon.
             The game lasted 00:00:08 (33 turns).

zeram the Caller (Gnoll Summoner)                     Turns: 33, Time: 00:00:09

Health: -1/13      AC:  2    Str:  7    XL:     1   Next: 10%
Magic:  5/6        EV: 10    Int: 14    God:
Gold:   0          SH:  0    Dex: 12    Spells: 8/9 levels left

rFire   . . .      SeeInvis .   (no weapon)
rCold   . . .      Faith    .   (no shield)
rNeg    . . .      Spirit   .   a - +0 robe
rPois   .          Reflect  .   (no helmet)
rElec   .          Harm     .   (no cloak)
rCorr   .          Rampage  .   (no gloves)
Will    .....                   (no boots)
Stlth   ++........              (no amulet)
HPRegen 0.04/turn               (no ring)
MPRegen 0.10/turn               (no ring)

@: constricted
A: fangs 1, strong nose, distributed training
a: no special abilities


You were on level 1 of the Dungeon.
You visited 1 branch of the dungeon, and saw 1 of its levels.

Inventory:

Armour
 a - a +0 robe (worn)
Potions
 b - a potion of magic


   Skills:
 + Level 0.0 Fighting
 + Level 0.0 Short Blades
 + Level 0.0 Long Blades
 + Level 0.0 Axes
 + Level 0.0 Maces & Flails
 + Level 0.0 Polearms
 + Level 0.0 Staves
 + Level 0.0 Ranged Weapons
 + Level 0.0 Throwing
 + Level 0.0 Armour
 + Level 4.4 Dodging
 + Level 4.0 Stealth
 + Level 0.0 Shields
 + Level 0.0 Unarmed Combat
 + Level 4.8 Spellcasting
 + Level 0.0 Conjurations
 + Level 0.0 Hexes
 + Level 7.0 Summonings
 + Level 0.0 Necromancy
 + Level 0.0 Translocations
 + Level 0.0 Transmutations
 + Level 0.0 Fire Magic
 + Level 0.0 Ice Magic
 + Level 0.0 Air Magic
 + Level 0.0 Earth Magic
 + Level 0.0 Poison Magic
 + Level 0.0 Invocations
 + Level 0.0 Evocations


You had 8 spell levels left.
You knew the following spells:

 Your Spells              Type           Power      Damage    Failure   Level
a - Summon Small Mammal   Summ           92%        N/A       1%          1

Your spell library contained the following spells:

 Spells                   Type           Power      Damage    Failure   Level
 Call Imp                 Summ           23%        N/A       1%          2
 Call Canine Familiar     Summ           23%        N/A       3%          3
 Summon Guardian Golem    Hex/Summ       13%        N/A       13%         3
 Summon Lightning Spire   Summ/Air       13%        N/A       38%         4
 Tukima's Dance           Hex            3%         N/A       47%         3
 Passage of Golubria      Tloc           3%         N/A       87%         4
 Yara's Violent Unravell  Hex/Tmut       1%         3d3       99%         5


Dungeon Overview and Level Annotations

Branches:
Dungeon (1/15)

Altars:


Innate Abilities, Weirdness & Mutations

You have very sharp teeth.
Your uncanny sense of smell can sniff out nearby items.
Your experience applies equally to all skills.


Message History

The ball python bites you. The ball python grabs you.
The ball python constricts you.
You hit the ball python but do no damage.
The bat hits you but does no damage.
A bat comes into view.
The ball python bites you. The ball python constricts you.
The bat barely misses you.
You hit the ball python.
The ball python is moderately wounded.
The bat hits you but does no damage. The ball python barely misses you.
The ball python constricts you. The bat barely misses your quokka.
You hit the ball python.
You bite the ball python, but do no damage.
The ball python is heavily wounded.
The bat misses your quokka.
Your quokka closely misses the bat.
The ball python bites you but does no damage.
The ball python constricts you. The bat barely misses your quokka.
You hit the ball python.
The ball python is severely wounded.
The bat hits you but does no damage. The bat misses your quokka.
Your quokka barely misses the bat.
The bat hits you. The ball python bites you. The ball python constricts you.
The hobgoblin barely misses you.
Your quokka bites the bat.
The bat dies!
You hit the ball python but do no damage.
Your bite misses the ball python.
The ball python is severely wounded.
The ball python bites you.
* * * LOW HITPOINT WARNING * * *
The ball python constricts you. The bat barely misses you.
Your quokka barely misses the ball python.
The hobgoblin hits you but does no damage.
The ball python misses you. The ball python constricts you.
You closely miss the ball python. Your punch misses the ball python.
The ball python is severely wounded.
The bat hits you but does no damage.
Your quokka closely misses the ball python.
The ball python misses you. The ball python constricts you.
The hobgoblin hits you.
You die...

... ..# ∆ .. . ∆
.####..
###!......
#......... ##
#S.g....>. .###
##r@b......
...###
#.........$
.....###
##.#########
~......######..#
~~~.......'.#.##
≈~~≈~.....'...#
~~~.......'.###
~......######
.....###


You could see a hobgoblin, a bat, a ball python (ally target) and a friendly
quokka (summoned).

Vanquished Creatures (collateral kills)
  A bat (D:1)
1 creature vanquished.

Notes
Turn   | Place    | Note
-------+----------+-------------------------------------------
     0 | D:1      | zeram the Gnoll Summoner began the quest for the Orb.
     0 | D:1      | Reached XP level 1. HP: 13/13 MP: 6/6
    33 | D:1      | Slain by a hobgoblin

Illustrated notes

Levels and vault maps discovered:
D:1:      lemuel_arrival_funnel, layout_basic

Action                   || total
-------------------------++-------
Melee: Unarmed           ||     9
       Bite              ||     2
 Cast: Summon Small Mamm ||     1
 Stab: Sleeping          ||     1
Armor: Robe              ||     8
Dodge: Dodged            ||    11
